General information
- name: BNet
- type: Ladder team game (AT/RT)
- host: Battle.net
- saver: ITEM-STEELER
map: MarketSquare
- players: 8
- length: 44:34
- speed: Fast
- version: 1.26 W3XP
- replay type: Public
» download(273 KB)
Players
team 1 (winner)

»
FjA.Terror- (
purple | 73 APM | 3275 actions | 44:33)
10 Blademaster
3 Wind Walk
3 Critical Strike
1 Bladestorm
3 Mirror Image
5 Shadow Hunter
2 Hex
3 Healing Wave
» actions
| Assign group hotkey | 52 | |
| Build / train | 103 | |
| Enter build submenu | 23 | |
| Enter hero's abilities submenu | 15 | |
| Right click | 1768 | |
| Select / deselect | 529 | |
| Select group hotkey | 535 | |
| Use ability | 250 | |
3275 total
» units
| Peon | 13 | |
| Grunt | 5 | |
| Shaman | 4 | |
| Tauren | 4 | |
| Troll Batrider | 38 | |
64 total
» upgrades
| Shaman Training | 2 | |
| Pulverize | 1 | |
| Melee Weapons | 2 | |
| Witch Doctor Training | 1 | |
| Armor | 1 | |
| Berserker Strength | 1 | |
| Liquid Fire | 1 | |
| Ranged Weapons | 3 | |
12 total
» buildings
| Altar of Storms | 2 | |
| Orc Burrow | 6 | |
| Barracks | 1 | |
| Voodoo Lounge | 1 | |
| Stronghold | 3 | |
| Fortress | 1 | |
| Spirit Lodge | 1 | |
| War Mill | 1 | |
| Tauren Totem | 2 | |
| Beastiary | 2 | |
| Great Hall | 4 | |
| Moon Well | 1 | |
25 total
» build order
00:05 Altar of Storms
00:07 Altar of Storms
00:16 Orc Burrow
00:37 Barracks
01:26 Orc Burrow
02:01 Voodoo Lounge
02:49 Stronghold
02:50 Stronghold
02:50 Stronghold
03:47 Orc Burrow
05:17 Fortress
05:18 Spirit Lodge
07:43 War Mill
08:05 Orc Burrow
08:59 Tauren Totem
09:01 Tauren Totem
10:01 Orc Burrow
11:14 Orc Burrow
15:38 Beastiary
22:08 Beastiary
22:44 Great Hall
24:41 Moon Well
26:45 Great Hall
27:49 Great Hall
36:30 Great Hall
» items
| Healing Salve | 1 | |
| Orb of Lightning | 1 | |
| Potion of Healing | 1 | |
| Scroll of Speed | 1 | |
| Boots of Speed | 1 | |
| Potion of Lesser Invulnerability | 1 | |
6 total
WVUMountaineer (
orange | 44 APM | 254 actions | 05:45)
3 Demon Hunter
2 Immolation
1 Evasion
» actions
| Assign group hotkey | 4 | |
| Build / train | 26 | |
| Enter build submenu | 8 | |
| Enter hero's abilities submenu | 3 | |
| Give item / drop item | 1 | |
| Right click | 94 | |
| Select / deselect | 90 | |
| Select group hotkey | 11 | |
| Use ability | 17 | |
254 total
» units
» buildings
| Altar of Elders | 1 | |
| Moon Well | 4 | |
| Ancient of War | 1 | |
| Ancient of Wonders | 1 | |
| Tree of Ages | 1 | |
| Tree of Life | 1 | |
9 total
» build order
00:09 Altar of Elders
00:13 Moon Well
01:07 Ancient of War
01:16 Moon Well
01:52 Moon Well
02:01 Ancient of Wonders
03:21 Tree of Ages
04:28 Moon Well
04:48 Tree of Life
» items

»
ITEM-STEELER (
yellow | 67 APM | 2986 actions | 44:34)
8 Blademaster
3 Wind Walk
3 Critical Strike
1 Bladestorm
1 Mirror Image
6 Shadow Hunter
2 Hex
3 Healing Wave
1 Big Bad Voodoo
» actions
| Assign group hotkey | 147 | |
| Basic commands | 4 | |
| Build / train | 118 | |
| Enter build submenu | 30 | |
| Enter hero's abilities submenu | 14 | |
| Give item / drop item | 7 | |
| Remove unit from queue | 2 | |
| Right click | 1196 | |
| Select / deselect | 303 | |
| Select group hotkey | 881 | |
| Use ability | 284 | |
2986 total
» units
| Peon | 13 | |
| Grunt | 4 | |
| Wind Rider | 4 | |
| Wisp | 6 | |
| Chimaera | 8 | |
| Raider | 5 | |
| Troll Batrider | 4 | |
44 total
» upgrades
| Ranged Weapons | 2 | |
| Reinforced Hides | 4 | |
| Strength of the Wild | 3 | |
| Reinforced Defenses | 1 | |
| Envenomed Spears | 1 | |
| Armor | 1 | |
| Corrosive Breath | 1 | |
| Ensnare | 1 | |
| Melee Weapons | 2 | |
| Liquid Fire | 1 | |
17 total
» buildings
| Altar of Storms | 1 | |
| Orc Burrow | 6 | |
| Barracks | 1 | |
| Voodoo Lounge | 4 | |
| Stronghold | 3 | |
| War Mill | 1 | |
| Beastiary | 5 | |
| Tree of Eternity | 1 | |
| Ancient of Wind | 1 | |
| Moon Well | 4 | |
| Hunter's Hall | 1 | |
| Fortress | 2 | |
| Chimaera Roost | 3 | |
| Great Hall | 1 | |
| Watch Tower | 22 | |
56 total
» build order
00:13 Altar of Storms
00:22 Orc Burrow
00:36 Barracks
01:24 Orc Burrow
01:56 Voodoo Lounge
02:59 Stronghold
02:59 Stronghold
03:31 Orc Burrow
04:14 Orc Burrow
04:35 War Mill
05:29 Beastiary
05:49 Beastiary
07:39 Tree of Eternity
07:41 Ancient of Wind
07:44 Moon Well
07:44 Moon Well
07:48 Hunter's Hall
10:17 Fortress
10:18 Fortress
10:20 Orc Burrow
10:20 Orc Burrow
11:11 Chimaera Roost
11:13 Chimaera Roost
16:19 Moon Well
16:19 Moon Well
23:24 Great Hall
23:26 Watch Tower
23:26 Watch Tower
23:27 Watch Tower
23:27 Watch Tower
23:28 Watch Tower
23:28 Watch Tower
23:29 Watch Tower
25:40 Watch Tower
25:40 Watch Tower
25:41 Watch Tower
25:41 Watch Tower
25:42 Watch Tower
27:44 Stronghold
31:54 Beastiary
31:56 Beastiary
31:57 Beastiary
38:23 Watch Tower
38:23 Watch Tower
38:24 Watch Tower
38:25 Watch Tower
38:25 Watch Tower
38:26 Watch Tower
38:26 Watch Tower
39:00 Voodoo Lounge
41:12 Voodoo Lounge
41:15 Voodoo Lounge
» items
| Healing Salve | 4 | |
| Lesser Clarity Potion | 2 | |
| Scroll of Town Portal | 6 | |
| Potion of Mana | 5 | |
| Potion of Healing | 3 | |
| Orb of Lightning | 1 | |
| Potion of Lesser Invulnerability | 2 | |
| Scroll of Healing | 1 | |
| Boots of Speed | 1 | |
| Staff of Teleportation | 2 | |
27 total
junkacct (
green | 40 APM | 1766 actions | 44:34)
10 Blademaster
3 Wind Walk
3 Critical Strike
3 Mirror Image
1 Bladestorm
1 Demon Hunter
1 Evasion
» actions
| Assign group hotkey | 26 | |
| Build / train | 99 | |
| ESC pressed | 1 | |
| Enter build submenu | 35 | |
| Enter hero's abilities submenu | 11 | |
| Give item / drop item | 2 | |
| Remove unit from queue | 2 | |
| Right click | 683 | |
| Select / deselect | 286 | |
| Select group hotkey | 432 | |
| Use ability | 189 | |
1766 total
» units
| Peon | 21 | |
| Wind Rider | 4 | |
| Troll Batrider | 36 | |
61 total
» upgrades
| Ranged Weapons | 3 | |
| Armor | 3 | |
| Reinforced Defenses | 1 | |
| Liquid Fire | 1 | |
| Envenomed Spears | 1 | |
| Pillage | 1 | |
10 total
» buildings
| Orc Burrow | 6 | |
| Altar of Storms | 1 | |
| Voodoo Lounge | 1 | |
| Stronghold | 1 | |
| War Mill | 3 | |
| Beastiary | 3 | |
| Fortress | 1 | |
| Watch Tower | 14 | |
| Great Hall | 5 | |
35 total
» build order
00:09 Orc Burrow
00:15 Altar of Storms
01:07 Voodoo Lounge
02:28 Stronghold
02:34 Orc Burrow
02:38 Orc Burrow
02:48 Orc Burrow
03:56 War Mill
05:04 Beastiary
05:07 Beastiary
05:09 Fortress
05:22 Watch Tower
10:49 Watch Tower
11:58 Watch Tower
12:59 Watch Tower
13:04 Great Hall
14:52 Watch Tower
19:09 Great Hall
22:53 Great Hall
28:41 Watch Tower
30:28 Watch Tower
31:38 Beastiary
32:26 Watch Tower
33:41 Watch Tower
33:59 Watch Tower
34:04 Watch Tower
34:51 Watch Tower
34:58 Watch Tower
35:08 Orc Burrow
35:59 War Mill
37:59 Watch Tower
39:48 Great Hall
41:41 Orc Burrow
43:40 Great Hall
43:59 War Mill
» items
| Healing Salve | 1 | |
| Lesser Clarity Potion | 1 | |
| Orb of Lightning | 1 | |
| Scroll of Town Portal | 6 | |
| Potion of Mana | 1 | |
| Potion of Healing | 1 | |
| Potion of Lesser Invulnerability | 1 | |
12 total
team 2 (loser)
Tzar (
pink | 85 APM | 2831 actions | 33:24)
6 Death Knight
3 Death Coil
3 Unholy Aura
3 Crypt Lord
2 Spiked Carapace
1 Impale
» actions
| Assign group hotkey | 687 | |
| Build / train | 83 | |
| Enter build submenu | 30 | |
| Enter hero's abilities submenu | 9 | |
| Remove unit from queue | 1 | |
| Right click | 963 | |
| Select / deselect | 361 | |
| Select group hotkey | 597 | |
| Use ability | 100 | |
2831 total
» units
| Acolyte | 16 | |
| Ghoul | 3 | |
| Crypt Fiend | 7 | |
| Frost Wyrm | 14 | |
| Gargoyle | 7 | |
| Obsidian Statue | 1 | |
48 total
» upgrades
| Creature Attack | 3 | |
| Creature Carapace | 3 | |
| Freezing Breath | 1 | |
7 total
» buildings
| Altar of Darkness | 1 | |
| Ziggurat | 14 | |
| Crypt | 2 | |
| Graveyard | 2 | |
| Tomb of Relics | 1 | |
| Nerubian Tower | 2 | |
| Halls of the Dead | 1 | |
| Spirit Tower | 5 | |
| Black Citadel | 1 | |
| Sacrificial Pit | 1 | |
| Boneyard | 2 | |
| Necropolis | 1 | |
| Slaughterhouse | 1 | |
34 total
» build order
00:10 Altar of Darkness
00:16 Ziggurat
00:38 Crypt
01:00 Ziggurat
01:06 Graveyard
01:25 Ziggurat
02:17 Tomb of Relics
03:26 Nerubian Tower
03:45 Ziggurat
06:51 Halls of the Dead
07:34 Ziggurat
07:36 Ziggurat
07:46 Spirit Tower
08:30 Spirit Tower
08:33 Ziggurat
08:35 Ziggurat
09:16 Black Citadel
09:25 Sacrificial Pit
11:45 Boneyard
11:48 Boneyard
16:14 Ziggurat
16:17 Crypt
16:20 Necropolis
16:22 Ziggurat
17:47 Graveyard
17:52 Nerubian Tower
18:03 Spirit Tower
25:16 Ziggurat
25:18 Ziggurat
25:21 Spirit Tower
26:11 Spirit Tower
26:50 Slaughterhouse
30:20 Ziggurat
30:54 Ziggurat
» items
| Rod of Necromancy | 1 | |
| Dust of Appearance | 3 | |
| Orb of Corruption | 1 | |
| Scroll of Town Portal | 2 | |
7 total
PulsingHatred (
blue | 39 APM | 586 actions | 15:11)
3 Dreadlord
1 Sleep
1 Vampiric Aura
1 Carrion Swarm
1 Death Knight
1 Death Coil
» actions
| Assign group hotkey | 16 | |
| Build / train | 43 | |
| Enter build submenu | 17 | |
| Enter hero's abilities submenu | 4 | |
| Remove unit from queue | 2 | |
| Right click | 221 | |
| Select / deselect | 164 | |
| Select group hotkey | 88 | |
| Use ability | 31 | |
586 total
» units
| Acolyte | 13 | |
| Ghoul | 3 | |
| Crypt Fiend | 6 | |
| Gargoyle | 4 | |
26 total
» upgrades
| Creature Attack | 1 | |
| Creature Carapace | 1 | |
| Web | 1 | |
3 total
» buildings
| Altar of Darkness | 1 | |
| Ziggurat | 5 | |
| Crypt | 3 | |
| Graveyard | 1 | |
| Spirit Tower | 4 | |
| Halls of the Dead | 1 | |
| Tomb of Relics | 1 | |
| Nerubian Tower | 1 | |
17 total
» build order
00:42 Altar of Darkness
00:45 Ziggurat
00:47 Crypt
00:59 Ziggurat
01:33 Graveyard
01:52 Crypt
03:15 Spirit Tower
04:22 Ziggurat
06:11 Halls of the Dead
07:11 Spirit Tower
07:14 Ziggurat
08:37 Crypt
08:43 Ziggurat
09:09 Tomb of Relics
10:22 Spirit Tower
10:26 Nerubian Tower
13:55 Spirit Tower
marknogada (
red | 106 APM | 4722 actions | 44:33)
7 Mountain King
3 Storm Bolt
3 Bash
1 Avatar
6 Paladin
3 Holy Light
2 Divine Shield
1 Resurrection
» actions
| Assign group hotkey | 164 | |
| Basic commands | 312 | |
| Build / train | 246 | |
| ESC pressed | 4 | |
| Enter build submenu | 43 | |
| Enter hero's abilities submenu | 13 | |
| Give item / drop item | 10 | |
| Right click | 2128 | |
| Select / deselect | 940 | |
| Select group hotkey | 494 | |
| Use ability | 368 | |
4722 total
» units
| Peasant | 33 | |
| Footman | 15 | |
| Dragonhawk Rider | 5 | |
| Gryphon Rider | 2 | |
| Knight | 1 | |
| Frost Wyrm | 3 | |
| Crypt Fiend | 17 | |
| Acolyte | 2 | |
| Flying Machine | 6 | |
| Ghoul | 4 | |
88 total
» upgrades
| Defend | 1 | |
| Swords | 3 | |
| Plating | 2 | |
| Masonry | 2 | |
| Armor | 1 | |
| Lumber Harvesting | 2 | |
| Cloud | 1 | |
| Storm Hammers | 1 | |
| Animal War Training | 1 | |
| Priest Training | 1 | |
| Web | 2 | |
17 total
» buildings
| Farm | 9 | |
| Altar of Kings | 1 | |
| Barracks | 2 | |
| Blacksmith | 1 | |
| Scout Tower | 8 | |
| Arcane Vault | 2 | |
| Arcane Tower | 7 | |
| Town Hall | 3 | |
| Lumber Mill | 4 | |
| Keep | 2 | |
| Guard Tower | 9 | |
| Castle | 3 | |
| Arcane Sanctum | 1 | |
| Gryphon Aviary | 3 | |
| Crypt | 2 | |
| Tomb of Relics | 1 | |
| Graveyard | 1 | |
59 total
» build order
01:09 Farm
01:13 Farm
01:24 Altar of Kings
01:41 Barracks
01:56 Barracks
02:11 Blacksmith
02:20 Farm
02:35 Farm
02:54 Farm
03:36 Scout Tower
04:05 Arcane Vault
04:14 Arcane Tower
04:15 Arcane Tower
04:15 Arcane Tower
05:13 Town Hall
05:29 Scout Tower
06:05 Arcane Tower
06:05 Arcane Tower
06:08 Scout Tower
06:19 Lumber Mill
07:07 Keep
07:07 Keep
07:13 Lumber Mill
07:15 Scout Tower
07:37 Guard Tower
07:38 Guard Tower
07:38 Guard Tower
08:48 Lumber Mill
08:50 Guard Tower
08:53 Arcane Vault
09:13 Scout Tower
09:34 Castle
09:35 Castle
09:38 Arcane Sanctum
09:40 Gryphon Aviary
09:43 Gryphon Aviary
09:47 Gryphon Aviary
10:30 Guard Tower
10:30 Guard Tower
11:07 Scout Tower
11:25 Farm
12:25 Farm
12:36 Farm
13:10 Farm
16:19 Scout Tower
16:27 Scout Tower
16:43 Town Hall
17:06 Guard Tower
17:06 Guard Tower
23:37 Town Hall
32:44 Lumber Mill
35:38 Crypt
35:40 Crypt
40:03 Tomb of Relics
41:07 Graveyard
» items
| Scroll of Regeneration | 10 | |
| Lesser Clarity Potion | 6 | |
| Potion of Healing | 7 | |
| Scroll of Town Portal | 4 | |
| Potion of Mana | 6 | |
| Potion of Lesser Invulnerability | 4 | |
| Staff of Sanctuary | 6 | |
| Orb of Fire | 1 | |
| Dust of Appearance | 1 | |
| Orb of Corruption | 1 | |
| Scroll of Healing | 3 | |
49 total

»
StAr_Of_cHaOs (
teal | 37 APM | 1416 actions | 37:50)
3 Archmage
2 Summon Water Elemental
1 Brilliance Aura
2 Blood Mage
1 Banish
1 Siphon Mana
» actions
| Build / train | 98 | |
| Enter build submenu | 34 | |
| Enter hero's abilities submenu | 5 | |
| Remove unit from queue | 2 | |
| Right click | 870 | |
| Select / deselect | 352 | |
| Use ability | 55 | |
1416 total
» units
| Peasant | 13 | |
| Rifleman | 7 | |
| Siege Engine | 6 | |
| Knight | 9 | |
| Flying Machine | 38 | |
73 total
» upgrades
| Armor | 1 | |
| Gunpowder | 3 | |
| Barrage | 1 | |
| Flying Machine Bombs | 1 | |
| Flak Cannons | 1 | |
| Plating | 2 | |
| Lumber Harvesting | 1 | |
10 total
» buildings
| Altar of Kings | 1 | |
| Farm | 14 | |
| Barracks | 1 | |
| Lumber Mill | 1 | |
| Blacksmith | 1 | |
| Arcane Vault | 1 | |
| Keep | 1 | |
| Scout Tower | 3 | |
| Guard Tower | 3 | |
| Workshop | 3 | |
| Castle | 1 | |
| Town Hall | 4 | |
34 total
» build order
00:24 Altar of Kings
00:41 Farm
00:47 Barracks
01:16 Lumber Mill
01:27 Farm
02:09 Blacksmith
02:45 Arcane Vault
03:09 Farm
04:04 Farm
04:10 Keep
05:11 Farm
05:20 Scout Tower
05:55 Farm
05:57 Guard Tower
06:00 Scout Tower
06:53 Guard Tower
07:12 Scout Tower
07:40 Workshop
07:44 Guard Tower
07:45 Castle
09:25 Workshop
11:15 Farm
11:54 Farm
12:00 Farm
13:25 Farm
17:07 Farm
20:22 Town Hall
22:24 Farm
22:28 Farm
24:30 Workshop
24:56 Farm
33:15 Town Hall
35:24 Town Hall
36:34 Town Hall
» items
Chat log
(00:05 / All) ITEM-STEELER: gl hf
(00:12 / All) PulsingHatred: likewise
(00:28 / Allies) junkacct: hf stealing their items hehe
(00:42 / Allies) ITEM-STEELER: true
(00:46 / Allies) junkacct: ok if I got fast wyvs?
(00:59 / Allies) FjA.Terror-: go ahead
(01:02 / Allies) junkacct: k :)
(01:03 / Allies) FjA.Terror-: i got it covered on this side
(01:07 / Allies) ITEM-STEELER: yea purple is gosu
(01:36 / Allies) junkacct: gosu=good on start up?
(01:48 / Allies) ITEM-STEELER: yes
(01:51 / Allies) junkacct: kk
(01:53 / Allies) junkacct: ty
(01:59 / Allies) ITEM-STEELER: glad to help
(03:31 / Allies) junkacct: w8 purp
(05:11 / Allies) ITEM-STEELER: middle now
(05:12 / Allies) ITEM-STEELER: come oj
(05:19 / Allies) WVUMountaineer: k
(05:32 / Allies) FjA.Terror-: small creeps first
(05:45 / Allies) ITEM-STEELER: i always get creepjacked
(08:20 / Allies) FjA.Terror-: who got oj
(08:26 / Allies) ITEM-STEELER: just make him go chims
(08:29 / Allies) FjA.Terror-: ok
(08:37 / Allies) FjA.Terror-: they got expansions we need to hit them
(08:43 / Allies) ITEM-STEELER: got blue salreaedy
(09:15 / Allies) FjA.Terror-: heros
(09:52 / All) PulsingHatred: LOL
(09:53 / All) PulsingHatred: THIS
(09:54 / All) PulsingHatred: TEAM
(10:00 / All) ITEM-STEELER: yes they are bad
(10:09 / All) PulsingHatred: christ
(10:17 / All) PulsingHatred: dont care faggot
(10:19 / All) PulsingHatred: this team is trash
(11:01 / All) PulsingHatred: will you guys just come kill us please
(11:09 / Allies) junkacct: coming purp
(11:56 / All) ITEM-STEELER: i was just being honest blue
(12:01 / All) ITEM-STEELER: also we havent even touched oj
(12:03 / All) ITEM-STEELER: u guys had 4 we 3
(12:14 / All) PulsingHatred: you guys had 3v1
(12:18 / All) ITEM-STEELER: lolz how
(12:32 / All) PulsingHatred: pink lost all units to an orange creep
(12:34 / Allies) ITEM-STEELER: take mask and claws purp
(12:37 / All) PulsingHatred: teal has nothing
(12:44 / All) PulsingHatred: red is pinging the map 24/7
(12:59 / All) PulsingHatred: im feeding by the wya
(13:04 / Allies) FjA.Terror-: no tp lol
(13:06 / All) PulsingHatred: come kill me im out
(13:08 / All) ITEM-STEELER: ur not listening purple has no army oj has no army and im at 50 food u should be raping
(13:29 / All) PulsingHatred: purple has no army?
(13:34 / All) ITEM-STEELER: well now he doe
(13:35 / All) ITEM-STEELER: s
(13:40 / All) PulsingHatred: he always has
(13:42 / All) ITEM-STEELER: just give us our due credit blut
(14:02 / All) ITEM-STEELER: im just creeping
(14:40 / All) PulsingHatred: pink definitely gets the trophy for shittiest player ever
(15:00 / All) ITEM-STEELER: he was ur best player.....
(15:01 / All) PulsingHatred: gg yellow
(15:05 / All) PulsingHatred: thanks for being cool
(15:06 / All) PulsingHatred: LMOA
(15:11 / All) ITEM-STEELER: actually teal was
(15:19 / All) Tzar: what a cunt
(15:20 / All) StAr_Of_cHaOs: ya ty
(15:22 / All) Tzar: he sells everything
(15:24 / All) Tzar: before he leaves
(15:51 / All) ITEM-STEELER: purple never thanked me for giving him mask of death
(15:59 / All) FjA.Terror-: lol didnt notice
(16:03 / Allies) FjA.Terror-: thanks
(16:11 / Allies) FjA.Terror-: frosties for blue
(16:23 / Allies) junkacct: yellow
(16:24 / Allies) junkacct: wyv
(16:34 / Allies) FjA.Terror-: go
(18:54 / Allies) FjA.Terror-: lol
(19:37 / All) ITEM-STEELER: tanks are so imba
(20:05 / Allies) FjA.Terror-: help?
(20:15 / Allies) FjA.Terror-: mass aa
(20:24 / Allies) FjA.Terror-: yellow come
(20:25 / Allies) ITEM-STEELER: go
(20:31 / Allies) ITEM-STEELER: which hero?
(20:37 / Allies) ITEM-STEELER: dk
(21:11 / Allies) FjA.Terror-: pali
(21:41 / All) ITEM-STEELER: voo doo
(22:24 / Allies) ITEM-STEELER: ffeel free to touch oj guys lolz
(22:30 / Allies) FjA.Terror-: lol nah this more fun
(22:37 / Allies) ITEM-STEELER: i know
(24:33 / Allies) FjA.Terror-: come gank his ass
(24:39 / Allies) ITEM-STEELER: im going just bm now too lolz
(24:47 / Allies) ITEM-STEELER: us emy sh if u want
(25:11 / All) ITEM-STEELER: one shotted a knight with half health
(25:14 / All) ITEM-STEELER: purp did i think
(25:14 / Allies) FjA.Terror-: pali
(25:34 / Allies) FjA.Terror-: gj
(25:36 / All) junkacct: he gone
(25:51 / All) ITEM-STEELER: we arent even using our armies
(25:56 / All) ITEM-STEELER: i mean that with respect
(25:58 / All) ITEM-STEELER: not taunting
(27:03 / Allies) FjA.Terror-: pali when available
(27:51 / Allies) ITEM-STEELER: dont make them too weak
(27:53 / Allies) ITEM-STEELER: lets play with them
(27:56 / Allies) junkacct: lol
(28:10 / Allies) ITEM-STEELER: use my sh's voo doo if u want u guys got control
(28:45 / Allies) ITEM-STEELER: lets feed them chims?
(28:59 / Allies) FjA.Terror-: grreen
(29:02 / Allies) junkacct: ?
(29:08 / Allies) junkacct: too much
(29:15 / Allies) junkacct: will tp when needed
(29:17 / Allies) FjA.Terror-: ya just run til we get more
(29:37 / Allies) FjA.Terror-: build peons
(29:45 / Allies) FjA.Terror-: yellwo come
(31:21 / All) ITEM-STEELER: lolz
(31:33 / Allies) FjA.Terror-: pink has too much lol
(31:56 / Allies) FjA.Terror-: kill dk plz in battle
(32:02 / Allies) ITEM-STEELER: who needs gold
(32:06 / Allies) FjA.Terror-: me
(32:26 / Allies) FjA.Terror-: yellow play for the win plz
(32:34 / Allies) FjA.Terror-: units
(32:38 / Allies) ITEM-STEELER: use bats green nlolz
(32:40 / Allies) FjA.Terror-: green
(32:47 / Allies) FjA.Terror-: dk go
(33:22 / All) Tzar: well i cant deal with incomeptency
(33:26 / All) ITEM-STEELER: lawl
(33:31 / All) ITEM-STEELER: JOINC LAN S4S FOR 4V4 CLAN
(33:39 / All) ITEM-STEELER: clan s4s
(33:41 / Allies) FjA.Terror-: bms own lol
(33:49 / All) ITEM-STEELER: this was a fun ass game
(34:26 / All) ITEM-STEELER: pro red
(35:12 / Allies) ITEM-STEELER: dont fininish him off
(35:15 / Allies) ITEM-STEELER: let him rebuild
(35:15 / Allies) junkacct: heheeh
(36:15 / Allies) ITEM-STEELER: back off of him if u want to drag this out he is gonna leave if we dont
(36:44 / Allies) junkacct: dma
(36:50 / Allies) junkacct: need to research pillage lol
(37:03 / All) ITEM-STEELER: teal is still here wtf
(37:40 / All) ITEM-STEELER: any of u post on any forums? I will upload this replay
(40:01 / All) ITEM-STEELER: woo hoo my 3 games get in the mail tomorrow most likely
(40:09 / All) ITEM-STEELER: star wars knights of the old republic 2 baby
(41:25 / All) ITEM-STEELER: red did u have fun this game
(41:47 / Allies) FjA.Terror-: rape time
(42:09 / Allies) FjA.Terror-: pali am
(42:45 / All) ITEM-STEELER: join clan s4s for a 4v4rt clan
(42:54 / All) ITEM-STEELER: pro players like iggy-!!!
(43:35 / Allies) ITEM-STEELER: 1 out of 2 places he could be